AoeStats
← Baron Morg Von Wigard

Arabia

512132337Analyzed
1v1 RM · 9d ago on Oct 8, 2026· 43m 31s· 2 players
Game mode
Random Map
Map size
Tiny (2 player)
Population
200
Speed
Normal
Resources
Standard
Victory
Conquest
Starting age
Dark Age
Ending age
Imperial Age
RankedLock teamsTeams togetherTeam positionsShared explorationLock speedFull tech treeHidden civsTurbo modeCheats
Victory
Defeat
🇦🇷 Saxons · Argentina
1346
+19
vs
🇫🇷 Persians · France
1423
-19
Baron Morg Von Wigard
6:28 Loom
8:49 Feudal Age
9:27 Double-Bit Axe
10:53 Horse Collar
13:28 Forging
19:37 Scale Barding Armor
20:26 Bloodlines
22:35 Fletching
24:27 Padded Archer Armor
28:41 Castle Age
28:30 Crossbowman
29:07 Bodkin Arrow
28:36 Light Cavalry
31:08 Chain Barding Armor
33:51 Wheelbarrow
[TAIDA]= =
7:02 Loom
9:22 Feudal Age
14:10 Fletching
14:14 Double-Bit Axe
14:44 Padded Archer Armor
23:24 Castle Age
21:57 Scale Mail Armor
23:10 Horse Collar
24:26 Chain Mail Armor
24:50 Bow Saw
26:07 Gambesons
26:57 Arson
28:06 Squires
31:33 Forging
34:16 Iron Casting
34:31 Wheelbarrow
33:43 Town Watch
36:52 Hand Cart
37:07 Gold Mining
38:26 Gold Shaft Mining
37:43 Stone Mining
41:35 Imperial Age
40:55 Herbal Medicine
40:25 Clerical Recruitment
41:23 Bodkin Arrow
43:08 Plate Mail Armor
41:59 Elite Varangian Guard
42:26 Clerical Recruitment
42:29 Shield Wall
43:31 Conscription
Connection lost

Rejoining the realm…

Still unreachable

The connection could not be restored.

Session expired

The server has moved on; the page needs a fresh start.